 Dungeon Crawl Stone Soup version 0.26-a0-84-g8c18429211 (webtiles) character file.

Game seed: 6364938736350979861

7157 Gargoyl the Cleaver (level 10, -3/84 HPs)
             Began as a Centaur Abyssal Knight on June 17, 2020.
             Was a High Priest of Lugonu.
             Killed from afar by Nergalle (22 damage)
             ... with a bolt of negative energy
             ... on level 10 of the Dungeon.
             The game lasted 00:20:45 (14373 turns).

Gargoyl the Cleaver (Centaur Abyssal Knight)       Turns: 14373, Time: 00:20:47

Health: -3/84      AC: 26    Str: 16    XL:     10   Next: 86%
Magic:  14/15      EV:  1    Int: 11    God:    Lugonu [*****.]
Gold:   217        SH:  7    Dex: 11    Spells: 9/9 levels left

rFire    + . .     SeeInvis .   p - +5 hand axe (venom)
rCold    . . .     Gourm    .   v - +0 kite shield
rNeg     . . .     Faith    .   d - +2 plate armour
rPois    .         Spirit   .   q - +0 helmet
rElec    .         Reflect  .   h - +0 cloak
rCorr    .         Harm     .   o - +0 pair of gloves
MR       .....                  (no barding)
Stlth    ..........             w - amulet of magic regeneration
HPRegen  0.24/turn              g - ring of Robustness {AC+8}
MPRegen  0.39/turn              e - ring of protection from fire

@: lethally poisoned (-3 -> -26), heavily drained, very quick
A: large, hooves 3, yellow scales 1, deformed body, speed 2, screaming 1, tough
skin 3
a: Depart the Abyss, Bend Space, Banish, Corrupt, Enter the Abyss, Renounce
Religion


You were on level 10 of the Dungeon.
You worshipped Lugonu.
Lugonu was extremely pleased with you.
You were not hungry.

You visited 1 branch of the dungeon, and saw 10 of its levels.
You visited the Abyss 1 time.
You also visited: Sewer.

You collected 410 gold pieces.
You spent 193 gold pieces at shops.

Inventory:

Hand Weapons
 a - a +3 hand axe
 p - a +5 hand axe of venom (weapon)
Armour
 d - a +2 plate armour (worn)
 h - a +0 cloak (worn)
 o - a +0 pair of gloves (worn)
 q - a +0 helmet (worn)
 v - a +0 kite shield (worn)
Jewellery
 e - a ring of protection from fire (right hand)
 g - the ring of Robustness (left hand) {AC+8}
   (You found it on level 4 of the Dungeon)

   [ring of protection]

   It affects your AC (+8).
 w - an amulet of magic regeneration (around neck)
Wands
 s - a wand of digging (15)
 u - a wand of flame (30)
 y - a wand of disintegration (3)
 z - a wand of random effects (15)
Scrolls
 b - 5 scrolls of remove curse
 l - 3 scrolls of fog
 n - 5 scrolls of identify
 x - 2 scrolls of blinking
Potions
 f - 2 potions of ambrosia
 i - 2 potions of stabbing
 j - 2 potions of haste
 k - 5 potions of magic
 m - 5 potions of lignification
 r - a potion of heal wounds
 t - 3 potions of curing
 B - a potion of flight
Comestibles
 c - 22 rations


   Skills:
 + Level 6.6(4.9) Fighting
 + Level 8.4(6.6) Axes
 * Level 7.1(5.3) Armour
 * Level 4.8(3.2) Dodging
 + Level 0.5(0.0) Shields
 * Level 7.3(5.5) Invocations


You had 9 spell levels left.
You didn't know any spells.
Your spell library contained the following spells:

 Spells                   Type           Power        Failure   Level  Hunger
 Animate Skeleton         Necr           N/A          100%        1    ##.....
 Beastly Appendage        Tmut           #.....       100%        1    ##.....
 Freeze                   Ice            #...         100%        1    ##.....
 Infusion                 Chrm           #...         100%        1    ##.....
 Pain                     Necr           #...         100%        1    ##.....
 Shroud of Golubria       Chrm/Tloc      #.....       100%        2    ###....
 Song of Slaying          Chrm           #.......     100%        2    ###....
 Sticks to Snakes         Tmut           #.......     100%        2    ###....
 Confusing Touch          Hex            #.......     100%        3    ####...
 Frozen Ramparts          Ice            #.....       100%        3    ####...
 Gell's Gravitas          Tloc           #.........   100%        3    ####...
 Ozocubu's Armour         Chrm/Ice       #.......     100%        3    ####...
 Spectral Weapon          Hex/Chrm       #.......     100%        3    ####...
 Spider Form              Tmut/Pois      #.........   100%        3    ####...
 Vampiric Draining        Necr           #.........   100%        3    ####...
 Animate Dead             Necr           N/A          100%        4    #####..
 Hailstorm                Conj/Ice       #.......     100%        4    #####..
 Ice Form                 Ice/Tmut       #.......     100%        4    #####..
 Petrify                  Tmut/Erth      #.......     100%        4    #####..
 Summon Ice Beast         Ice/Summ       #.......     100%        4    #####..
 Agony                    Necr           #.......     100%        5    ######.
 Blade Hands              Tmut           #.........   100%        5    ######.
 Metabolic Englaciation   Hex/Ice        #.........   100%        5    ######.
 Yara's Violent Unravell  Hex/Tmut       #.........   100%        5    ######.


Dungeon Overview and Level Annotations

Branches:
Dungeon (10/15)            Temple (0/1) D:5            Lair (0/6) D:10
  Sewer (visited)
    Orc: D:9-12

Altars:
Fedhas
Ru
Sif Muna
Trog
Xom

Shops:
D:4 *   D:10 *?!

Annotations:
D:10 Nergalle


Innate Abilities, Weirdness & Mutations

You have hooves in place of feet.
Armour fits poorly on your strangely shaped body.
You cover ground very quickly.
You have extremely tough skin. (AC +3)
You are partially covered in yellow scales. (AC +2)
You occasionally shout uncontrollably at your foes.


Message History

You closely miss Nergalle. You kick Nergalle!
Nergalle is heavily wounded.
You hit the spectral orc but do no damage.
You hit the spectral orc warrior.
Your plate armour prevents you from hitting the spectral orc.
You feel very sick.
The spectral orc hits you but does no damage. x2
The spectral orc warrior hits you with a +0 hand axe.
Nergalle casts a spell at you. The bolt of negative energy hits you!
You feel drained.
* * * LOW HITPOINT WARNING * * *
The bolt of negative energy hits the spectral orc.
The spectral orc completely resists.
Space bends around you!
You blink.
* * * LOW HITPOINT WARNING * * *
You feel sick.
The spectral orc warrior hits you but does no damage.
Nergalle points at you and mumbles some strange words.
The bolt of negative energy hits you!!
You feel drained.
You die...

#####....##...##'#.#.###...###...
#....#..#....#.#.#.#.#.#.#.#.
#....#.......#.#.#.#.#.#.#...
#....####.####.#.#.#...'.#...
#.......#.####.#.#.#...#.#.#.
#.......#....#.#.#.'...###.#.
#####.....#.#....#.#.#########...
..........#.#....#...# #.....#...
........>.#.#..Z@#...####.##'#.#.
#########...#.ZoZ#......'>##.#...
#...#..§Z####.#.#.##.#...
#...###'### #...####.#.#.
######....# ##### ##.'... #.##.#
#..#... ..#
#########....##########.#.#.
..##.#.....................#.#.#.
.... #..........#...#..##..#.#...


You could see Nergalle (extremely poisoned), 2 spectral orcs and 2 spectral orc
warriors.

Vanquished Creatures
  A troll (D:9)
  Grinder (D:3)
  2 hippogriffs
  A wyvern (D:8)
  A hungry ghost (D:8)
  Menkaure (D:4)
  Edmund (D:5)
  Duvessa (D:5)
  A water moccasin (D:7)
  2 ice beasts
  6 orc warriors
  4 phantoms
  A black bear (D:8)
  2 ogres
  A necrophage (D:8)
  A centaur (D:10)
  3 big kobolds
  4 bullfrogs
  Dowan (D:5)
  A water moccasin skeleton (D:7)
  A scorpion (D:9)
  4 killer bees (D:3)
  7 wights
  6 howler monkeys
  4 crimson imps
  2 bullfrog zombies
  A hound (D:8)
  3 jellies
  7 orc priests
  2 bullfrog skeletons
  2 iguanas
  Natasha (thrice) (D:4)
  Ijyb (D:5)
  13 orc wizards
  8 worker ants
  A hound skeleton (D:4)
  A worker ant zombie (D:10)
  2 river rats (Sewer)
  9 adders
  2 oozes
  3 adder zombies
  An adder skeleton (D:9)
  4 worms
  9 leopard geckos
  46 orcs
  2 ball pythons
  8 bats
  4 giant cockroaches
  6 goblins
  7 hobgoblins
  14 jackals
  7 quokkas
  A ball python skeleton (D:4)
  7 frilled lizards
  A jackal zombie (D:5)
  21 kobolds
  2 leopard gecko skeletons
  15 rats
  2 plants (D:10)
275 creatures vanquished.

Vanquished Creatures (others)
  3 two-headed ogres
  5 plants (D:8)
8 creatures vanquished.

Grand Total: 283 creatures vanquished

Notes
Turn   | Place    | Note
-------+----------+-------------------------------------------
     0 | Abyss:1  | Gargoyl the Centaur Abyssal Knight began the quest for the
                  | Orb.
     0 | Abyss:1  | Reached XP level 1. HP: 19/19 MP: 2/2
    94 | Abyss:1  | Noticed a small abomination
   104 | Abyss:1  | Noticed a chaos spawn
   157 | Abyss:1  | Noticed a neqoxec
   159 | Abyss:1  | Noticed an ancient zyme
   206 | Abyss:3  | Found a corrupted altar of Lugonu.
   218 | Abyss:3  | Noticed a wretched star
   231 | D:1      | Escaped the Abyss
   599 | D:1      | Reached XP level 2. HP: 25/26 MP: 3/3
   607 | D:1      | Reached * piety under Lugonu
  1071 | D:1      | Reached skill level 1 in Dodging
  1370 | D:2      | Reached XP level 3. HP: 31/31 MP: 4/4
  1419 | D:2      | Reached skill level 2 in Axes
  1747 | D:2      | Reached ** piety under Lugonu
  2109 | D:3      | Reached XP level 4. HP: 37/38 MP: 5/5
  2628 | D:3      | Reached XP level 5. HP: 43/45 MP: 7/7
  2737 | D:3      | Found a glowing drain.
  2757 | Sewer    | Entered a sewer
  2895 | Sewer    | Reached *** piety under Lugonu
  2899 | Sewer    | Reached skill level 3 in Axes
  3024 | Sewer    | Found a white marble altar of Elyvilon.
  3092 | D:3      | Reached XP level 6. HP: 48/52 MP: 8/8
  4113 | D:3      | Found a faded altar of an unknown god.
  4388 | D:4      | Noticed Grinder
  4412 | D:3      | Killed Grinder
  4412 | D:3      | Reached skill level 4 in Axes
  4412 | D:3      | Reached XP level 7. HP: 29/59 MP: 9/9
  5152 | D:4      | Found the ring of Robustness {AC+8}
  5234 | D:4      | Noticed Menkaure
  5241 | D:4      | Noticed Natasha
  5251 | D:4      | HP: 2/59 [shadow imp[Natasha] (6)]
  5551 | D:4      | Killed Natasha
  5618 | D:4      | Noticed Natasha
  5624 | D:4      | Killed Menkaure
  5627 | D:4      | Killed Natasha
  5694 | D:4      | Found Nibrach's Assorted Antiques.
  5785 | D:4      | Noticed Natasha
  5802 | D:4      | Killed Natasha
  5944 | D:5      | Entered Level 5 of the Dungeon
  5983 | D:5      | Noticed Duvessa
  5983 | D:5      | Noticed Dowan
  5995 | D:5      | Killed Duvessa
  5995 | D:5      | Reached XP level 8. HP: 57/67 MP: 11/11
  6000 | D:5      | Killed Dowan
  6111 | D:5      | Reached skill level 5 in Axes
  6112 | D:5      | Noticed Ijyb
  6114 | D:5      | Noticed a hippogriff
  6131 | D:5      | Killed Ijyb
  6137 | D:5      | Killed a hippogriff
  6272 | D:5      | Found a sacrificial altar of Ru.
  6291 | D:5      | Found a staircase to the Ecumenical Temple.
  6346 | D:5      | Found a shimmering altar of Xom.
  6444 | D:5      | Noticed Edmund
  6470 | D:5      | Killed Edmund
  7368 | D:6      | Reached **** piety under Lugonu
  7442 | D:6      | Reached skill level 5 in Invocations
  7607 | D:6      | Reached skill level 5 in Armour
  7834 | D:7      | Found a bloodstained altar of Trog.
  7961 | D:7      | Reached skill level 6 in Axes
  8058 | D:7      | Reached XP level 9. HP: 58/73 MP: 12/12
  8065 | D:7      | Reached skill level 5 in Fighting
  9335 | D:8      | Noticed a two-headed ogre
  9339 | D:8      | Banished a two-headed ogre
  9345 | D:8      | Noticed a two-headed ogre
  9481 | D:7      | Banished a two-headed ogre
  9481 | D:7      | Reached skill level 7 in Axes
  9688 | D:8      | Reached XP level 10. HP: 58/83 MP: 14/14
  9971 | D:8      | Noticed a two-headed ogre
  9987 | D:8      | Reached ***** piety under Lugonu
  9987 | D:8      | Banished a two-headed ogre
 10301 | D:8      | Found a blossoming altar of Fedhas.
 11658 | D:8      | Reached skill level 8 in Axes
 12662 | D:9      | Found a shimmering blue altar of Sif Muna.
 12992 | D:10     | Entered Level 10 of the Dungeon
 13781 | D:10     | Found Giraczuf's Assorted Antiques.
 13886 | D:10     | Found a staircase to the Lair.
 13935 | D:10     | Found Dovva's Magic Scroll Shoppe.
 13938 | D:10     | Bought a scroll of enchant weapon for 105 gold pieces
 13948 | D:10     | Found Joidag's Distillery.
 13974 | D:10     | Bought a potion of mutation for 88 gold pieces
 13974 | D:10     | Gained mutation: You occasionally shout uncontrollably at
                  | your foes. [potion of mutation]
 13974 | D:10     | Gained mutation: You are partially covered in yellow
                  | scales. (AC +2) [potion of mutation]
 14360 | D:10     | Noticed Nergalle
 14373 | D:10     | Killed from afar by Nergalle

Illustrated notes

Levels and vault maps discovered:
D:1:      saegor_arrival_fortress, layout_loops_ring
D:2:      layout_basic, first_ration
D:3:      layout_basic, cheibrodos_sewer_entry_bend,
          chequers_ecumenical_altar_simple
D:4:      layout_cave_pools, serial_shops, nicolae_shop_behind_doors,
          uniq_natasha, uniq_grinder, uniq_menkaure
D:5:      layout_layer_cave, nicolae_overflow_crystal_walls,
          minmay_temple_entry_grid, basic_altar, uniq_edmund, uniq_ijyb,
          uniq_duvessa
D:6:      layout_gridville
D:7:      layout_gridville, basic_altar, grunt_ogre_cave
D:8:      layout_rooms, fedhas_altar_decomposition
D:9:      layout_cross, basic_altar
D:10:     minmay_weird_star, layout_stronghold, lair_entry_dummy, serial_shops,
          shop, nicolae_shop_stone, shop, uniq_nergalle

Skill      XL: |  1  2  3  4  5  6  7  8  9 10 |
---------------+-------------------------------+-----
Dodging        | 1 2 3 4 |  4.8
Axes           | 2 3 4 6 7 8 |  8.4
Armour         | 2 3 4 5 6 7 |  7.1
Invocations    | 3 4 5 6 7 |  7.3
Fighting       | 4 5 6 |  6.6
Shields        | |  0.5

Action                   |  1- 3 |  4- 6 |  7- 9 | 10-12 || total
-------------------------+-------+-------+-------+-------++-------
Melee: Hand axe          |   133 |   150 |   444 |   437 ||  1164
       Kick              |    23 |    27 |    88 |   127 ||   265
       Unarmed           |       |       |    19 |       ||    19
Invok: Depart the Abyss  |     1 |       |       |       ||     1
       Banish            |       |       |     3 |     1 ||     4
       Bend Space        |       |       |       |     1 ||     1
Evoke: Wand              |       |       |       |     1 ||     1
  Use: Scroll            |    10 |       |     5 |     7 ||    22
       Potion            |     2 |     8 |     4 |     5 ||    19
 Stab: Invisible         |       |     3 |       |       ||     3
  Eat: Chunk             |     3 |     6 |    13 |    16 ||    38
       Ration            |       |       |     4 |       ||     4
Armor: Plate armour      |   147 |   139 |   475 |   498 ||  1259
       Skin              |       |    23 |     4 |       ||    27
Dodge: Dodged            |    17 |    25 |    97 |    87 ||   226
Block: Kite shield       |       |       |       |    39 ||    39

Table legend:
 A = Non-vault XP
 B = Vault XP
 C = Vault XP percentage of total XP
 D = Non-vault monster count
 E = Vault monster count
 F = Vault count percentage of total count
                 A         B        C        D         E       F
            +---------+---------+-------+---------+---------+-------
      Total |    9048 |    1177 |  11.5 |     254 |      22 |   8.0
            +---------+---------+-------+---------+---------+-------
        D:1 |      23 |      11 |  32.4 |      14 |       2 |  12.5
        D:2 |      57 |       0 |   0.0 |      26 |       0 |   0.0
        D:3 |     402 |     277 |  40.8 |      37 |       2 |   5.1
        D:4 |     295 |     206 |  41.1 |      19 |       2 |   9.5
        D:5 |     379 |     421 |  52.6 |      11 |       4 |  26.7
        D:6 |     427 |       0 |   0.0 |       7 |       0 |   0.0
        D:7 |    1469 |     122 |   7.7 |      24 |       1 |   4.0
        D:8 |    3788 |       0 |   0.0 |      51 |       0 |   0.0
        D:9 |    1522 |       0 |   0.0 |      46 |       0 |   0.0
       D:10 |     686 |       0 |   0.0 |      19 |       0 |   0.0
      Sewer |       0 |     140 | 100.0 |       0 |      11 | 100.0
            +---------+---------+-------+---------+---------+-------
